Varken, lawful female dwarven Valkyrie -------------- #########)#)###################@@............| # |[..........<| ##) .............| -------------- Varken the Fighter Experience level: 7 Strength: 18 Dexterity: 11 Constitution: 20 Intelligence: 9 Wisdom: 8 Charisma: 8 Health: 0(83) Energy: 12(12) AC: 2 Gold: 668 Moves: 3911 Your Inventory: Coins $ - 668 gold pieces Weapons a - the blessed rustproof +1 Excalibur (weapon in hand) Armor c - an uncursed +3 small shield (being worn) g - a [blessed] +3 orcish helm (being worn) v - an [uncursed +0] mummy wrapping w - an [uncursed +3] mummy wrapping z - an [uncursed +0] leather armor Comestibles d - 12 uncursed food rations r - a [cursed] tin [of spinach] t - an [uncursed] orange Scrolls y - a [blessed] scroll of enchant armor Potions x - a [cursed] potion of healing Rings k - an [uncursed] mithril ring [of searching] Wands n - an [uncursed] wand of enlightenment [0:11] p - an [uncursed] wand of create monster [0:10] q - an [uncursed] wand of magic missile [0:3] Spells known in the end: Name Level Category Fail Memory Your skills at the end: Fighting Skills Weapon Skills dagger [Basic / Expert] long sword [Skilled / Expert] Spellcasting Skills Final Attributes: You were piously aligned. Hunger level was 858. Your alignment was 29 / 29. Monster difficulty range was 1 - 6. Level difficulty was 6. You were immune to cold. You were immune to level-drain. You were telepathic. You had automatic searching. You had infravision. You were stealthy. You were fast. You were lucky (1). You are dead. Vanquished creatures: a leprechaun an orc mummy a dwarf mummy 2 ravens a Woodland-elf an imp a rock piercer 2 yellow lights a gray ooze a ghoul 4 floating eyes 2 homunculi 6 hill orcs 9 rothes 2 rabid rats 2 dwarf zombies an iguana 2 acid blobs a hobbit 8 manes 3 giant rats 2 cave spiders 2 yellow molds a gecko 8 jackals a kobold 5 goblins 4 sewer rats 9 grid bugs 2 bats 3 lichens 3 kobold zombies 6 newts 98 creatures vanquished. Voluntary challenges: You were an atheist. You used a wielded weapon 117 times. You read items or engraved 4 times. You put on armor 2 times. You never genocided any monsters. You never polymorphed an object. You never changed form. You used no wishes. You never wrote Elbereth's name. You never encountered a bones level. You never used any Sokoban shortcuts. Dungeon overview: The Dungeons of Doom: levels 1 to 6 Level 1 a fountain a long staircase Level 2 stairs to The Gnomish Mines Level 3 a sink Level 5 a general store Level 6 <- You were here The Gnomish Mines: Level 3 stairs to The Dungeons of Doom History has recorded: On T:1 you entered the Dungeons of Doom to retrieve the Amulet of Yendor! On T:603 you reached level 2 of The Dungeons of Doom. On T:633 you advanced to experience level 2. On T:757 you reached level 1 of The Gnomish Mines. On T:1033 you reached level 3 of The Dungeons of Doom. On T:1062 you advanced to experience level 3. On T:1069 you advanced to experience level 4. On T:1536 you advanced to experience level 5. On T:1924 you reached level 4 of The Dungeons of Doom. On T:2290 you advanced to experience level 6. On T:2918 you reached level 5 of The Dungeons of Doom. On T:3111 you advanced to experience level 7. On T:3816 you reached level 6 of The Dungeons of Doom. Latest messages: [HP+1=18] [HP+1=19] You kill the floating eye! The bat misses. (2x) You kill the bat! [HP+1=20] You see here a plate mail. You hear the splashing of a naiad. You see here a plate mail. [HP+1=21] [HP+1=22] [HP+1=23] You stop searching. [16 turns] [HP+1=24] You hit the Woodland-elf! The Woodland-elf thrusts his elven short sword. The Woodland-elf hits! [HP-14=10] You miss the Woodland-elf. The Woodland-elf thrusts his elven short sword. The Woodland-elf hits! You die... Final status: Farvel Varken the Valkyrie... You died in The Dungeons of Doom on dungeon level 6 with 3868 points, and 668 pieces of gold, after 3911 moves. You were level 7 with a maximum of 83 hit points when you died.